NWL (28 & UNDER)
BALZAC RAMS @ MOOSE JAW GHOSTBUSTERS
06/15/2027
 
TOP OF THE 1ST
Balzac Rams batting - Pitching for Moose Jaw Ghostbusters : RHP Aaron Green
Pitching: RHP Aaron Green
Batting: RHB Tomás Díaz 0-0: Ground out 5-3 (Groundball, 56)
Batting: RHB Brian Parks 0-0: Called Strike
0-1: Foul Ball, location: 2F
0-2: Strikes out looking
Batting: LHB Fernando Cruz 0-0: Called Strike
0-1: Ball
1-1: Ball
2-1: Ground out 4-3 (Groundball, 4)
Top of the 1st over - 0 run(s), 0 hit(s), 0 error(s), 0 left on base; Balzac 0 - Moose Jaw 0
BOTTOM OF THE 1ST
Moose Jaw Ghostbusters batting - Pitching for Balzac Rams : RHP David Elías
Pitching: RHP David Elías
Batting: SHB Carlos Córdova 0-0: Swinging Strike
0-1: Ball
1-1: Ball
2-1: Foul Ball, location: 2F
2-2: Strikes out swinging
Batting: LHB Will Vale 0-0: Ball
1-0: Called Strike
1-1: Foul Ball, location: 2F
1-2: SINGLE (Line Drive, 8LS)
Batting: RHB John Major 0-0: Ball
1-0: Foul Ball, location: 2F
1-1: Called Strike
1-2: Strikes out swinging
Batting: RHB Paco Hernández 0-0: Called Strike
0-1: Called Strike
0-2: Strikes out swinging
Bottom of the 1st over - 0 run(s), 1 hit(s), 0 error(s), 1 left on base; Balzac 0 - Moose Jaw 0
TOP OF THE 2ND
Balzac Rams batting - Pitching for Moose Jaw Ghostbusters : RHP Aaron Green
Batting: RHB Jeff Stevenson 0-0: Called Strike
0-1: Fly out, F7 (Flyball, 78M)
Batting: RHB James Tucker 0-0: Foul Ball, location: 2F
0-1: Ball
1-1: Foul Ball, location: 2F
1-2: Foul Ball, location: 2F
1-2: Ball
2-2: Strikes out swinging
Batting: RHB Félix Quintero 0-0: Foul Ball, location: 2F
0-1: Foul Ball, location: 2F
0-2: Foul Ball, location: 2F
0-2: Ball
1-2: Foul Ball, location: 2F
1-2: Ground out 6-3 (Groundball, 6S)
Top of the 2nd over - 0 run(s), 0 hit(s), 0 error(s), 0 left on base; Balzac 0 - Moose Jaw 0
BOTTOM OF THE 2ND
Moose Jaw Ghostbusters batting - Pitching for Balzac Rams : RHP David Elías
Batting: RHB Don Hooper 0-0: Fly out, F8 (Line Drive, 8RM)
Batting: LHB Dave Stewart 0-0: Called Strike
0-1: Swinging Strike
0-2: Ball
1-2: Ball
2-2: Fly out, F2 (Popup, 3S)
Batting: SHB Martín Cruz 0-0: Foul Ball, location: 2F
0-1: Foul Ball, location: 2F
0-2: Strikes out looking
Bottom of the 2nd over - 0 run(s), 0 hit(s), 0 error(s), 0 left on base; Balzac 0 - Moose Jaw 0
TOP OF THE 3RD
Balzac Rams batting - Pitching for Moose Jaw Ghostbusters : RHP Aaron Green
Batting: RHB Luis Suárez 0-0: Ball
1-0: Ball
2-0: Foul Ball, location: 2F
2-1: Foul Ball, location: 2F
2-2: Strikes out swinging
Batting: RHB Ricardo Muñóz 0-0: Ball
1-0: Ball
2-0: Ball
3-0: Base on Balls
Batting: RHB Jason Ward 0-0: Ball
1-0: 2-RUN HOME RUN (Flyball, 7D), Distance : 385 ft
Batting: RHB Tomás Díaz 0-0: Fly out, F8 (Flyball, 89M)
Batting: RHB Brian Parks 0-0: Foul Ball, location: 2F
0-1: Ground out 1-3 (Groundball, P)
Top of the 3rd over - 2 run(s), 1 hit(s), 0 error(s), 0 left on base; Balzac 2 - Moose Jaw 0
BOTTOM OF THE 3RD
Moose Jaw Ghostbusters batting - Pitching for Balzac Rams : RHP David Elías
Batting: RHB Joe Baker 0-0: Foul Ball, location: 2F
0-1: Ball
1-1: Ball
2-1: Foul Ball, location: 2F
2-2: Strikes out swinging
Batting: RHB Don Turner 0-0: Ball
1-0: Called Strike
1-1: Fly out, F8 (Flyball, 8LD)
Batting: SHB Carlos Córdova 0-0: Ball
1-0: Ball
2-0: Foul Ball, location: 2F
2-1: Foul Ball, location: 2F
2-2: Ball
3-2: SINGLE (Line Drive, 3D)
Batting: LHB Will Vale 0-0: Ball
1-0: Swinging Strike
1-1: Called Strike
1-2: Foul Ball, location: 2F
1-2: Ball
2-2: Ball
Carlos Córdova steals 2nd base
3-2: Foul Ball, location: 2F
3-2: Fly out, F8 (Flyball, 8LS)
Bottom of the 3rd over - 0 run(s), 1 hit(s), 0 error(s), 1 left on base; Balzac 2 - Moose Jaw 0
TOP OF THE 4TH
Balzac Rams batting - Pitching for Moose Jaw Ghostbusters : RHP Aaron Green
Batting: LHB Fernando Cruz 0-0: Called Strike
0-1: Ball
1-1: Ball
2-1: Ground out 4-3 (Groundball, 34)
Batting: RHB Jeff Stevenson 0-0: Called Strike
0-1: Hit by Pitch
Batting: RHB James Tucker 0-0: Called Strike
0-1: Ball
1-1: Foul Ball, location: 2F
1-2: Ball
2-2: Strikes out looking
Batting: RHB Félix Quintero 0-0: Called Strike
0-1: Ball
1-1: Foul Ball, location: 2F
1-2: Fly out, F8 (Flyball, 8RS)
Top of the 4th over - 0 run(s), 0 hit(s), 0 error(s), 1 left on base; Balzac 2 - Moose Jaw 0
BOTTOM OF THE 4TH
Moose Jaw Ghostbusters batting - Pitching for Balzac Rams : RHP David Elías
Batting: RHB John Major 0-0: Fly out, F4 (Popup, 4D)
Batting: RHB Paco Hernández 0-0: Foul Ball, location: 2F
0-1: Ground out 1-3 (Groundball, P)
Batting: RHB Don Hooper 0-0: Foul Ball, location: 2F
0-1: Foul Ball, location: 2F
0-2: Foul Ball, location: 2F
0-2: Ball
1-2: Ball
2-2: SINGLE (Groundball, 6MD)
Batting: LHB Dave Stewart 0-0: Ball
Throwing error on steal attempt, E2
Don Hooper to third
1-0: Swinging Strike
1-1: Foul Ball, location: 2F
1-2: Fly out, F8 (Flyball, 8LD)
Bottom of the 4th over - 0 run(s), 1 hit(s), 1 error(s), 1 left on base; Balzac 2 - Moose Jaw 0
TOP OF THE 5TH
Balzac Rams batting - Pitching for Moose Jaw Ghostbusters : RHP Aaron Green
Batting: RHB Luis Suárez 0-0: Called Strike
0-1: Ball
1-1: Foul Ball, location: 2F
1-2: Ground out 6-3 (Groundball, 56)
Batting: RHB Ricardo Muñóz 0-0: Ball
1-0: Called Strike
1-1: Foul Ball, location: 2F
1-2: Ball
2-2: Strikes out looking
Batting: RHB Jason Ward 0-0: SINGLE (Groundball, 6MD)
Batting: RHB Tomás Díaz 0-0: Ball
1-0: Swinging Strike
1-1: Ball
2-1: Ball
3-1: Foul Ball, location: 2F
3-2: Base on Balls
Jason Ward to second
Batting: RHB Brian Parks 0-0: Ball
1-0: Swinging Strike
1-1: Fielders Choice at 2nd, 6-4 (Groundball, 6)
Top of the 5th over - 0 run(s), 1 hit(s), 0 error(s), 1 left on base; Balzac 2 - Moose Jaw 0
BOTTOM OF THE 5TH
Moose Jaw Ghostbusters batting - Pitching for Balzac Rams : RHP David Elías
Batting: SHB Martín Cruz 0-0: Ball
1-0: Ball
2-0: Ball
3-0: Called Strike
3-1: Called Strike
3-2: Foul Ball, location: 2F
3-2: SOLO HOME RUN (Flyball, 9D), Distance : 337 ft
Batting: RHB Joe Baker 0-0: Ball
1-0: Foul Ball, location: 2F
1-1: Ball
2-1: Fly out, F5 (Line Drive, 5L)
Batting: RHB Don Turner 0-0: Called Strike
0-1: SINGLE (Groundball, 6MD)
Batting: SHB Carlos Córdova 0-0: Foul Ball, location: 2F
0-1: Called Strike
0-2: Fielders Choice at 2nd, 4-6 (Groundball, 34)
Batting: LHB Will Vale 0-0: Ball
Carlos Córdova steals 2nd base
1-0: Called Strike
1-1: Ball
2-1: Ground out 4-3 (Groundball, 34)
Bottom of the 5th over - 1 run(s), 2 hit(s), 0 error(s), 1 left on base; Balzac 2 - Moose Jaw 1
TOP OF THE 6TH
Balzac Rams batting - Pitching for Moose Jaw Ghostbusters : RHP Aaron Green
Batting: LHB Fernando Cruz 0-0: Called Strike
0-1: Called Strike
0-2: Ball
1-2: Strikes out swinging
Batting: RHB Jeff Stevenson 0-0: Ball
1-0: Swinging Strike
1-1: Swinging Strike
1-2: Strikes out swinging
Batting: RHB James Tucker 0-0: Ground out 5-3 (Groundball, 56)
Top of the 6th over - 0 run(s), 0 hit(s), 0 error(s), 0 left on base; Balzac 2 - Moose Jaw 1
BOTTOM OF THE 6TH
Moose Jaw Ghostbusters batting - Pitching for Balzac Rams : RHP David Elías
Batting: RHB John Major 0-0: Called Strike
0-1: Ground out 4-3 (Groundball, 34)
Batting: RHB Paco Hernández 0-0: Ball
1-0: Called Strike
1-1: Foul Ball, location: 2F
1-2: Fly out, F6 (Popup, 6S)
Batting: RHB Don Hooper 0-0: Swinging Strike
0-1: Ball
1-1: Ball
2-1: Swinging Strike
2-2: Strikes out swinging
Bottom of the 6th over - 0 run(s), 0 hit(s), 0 error(s), 0 left on base; Balzac 2 - Moose Jaw 1
TOP OF THE 7TH
Balzac Rams batting - Pitching for Moose Jaw Ghostbusters : RHP Aaron Green
Batting: RHB Félix Quintero 0-0: Called Strike
0-1: Ball
1-1: Swinging Strike
1-2: Ball
2-2: Foul Ball, location: 2F
2-2: SINGLE (Groundball, 4MD)
Batting: RHB Luis Suárez 0-0: Sac Bunt - play at second, runner safe!
Batting: RHB Ricardo Muñóz 0-0: Sac Bunt - play at first, batter OUT! 1-4
Félix Quintero to third
Luis Suárez to second
Pinch Hitting: RHB Tommy Wilson 0-0: Called Strike
0-1: Ball
1-1: Hit by Pitch
Pinch Hitting: LHB Daniel Carter 0-0: Ball
1-0: Ball
2-0: Called Strike
2-1: Swinging Strike
2-2: Strikes out looking
Pitching: RHP Rod Walters
Batting: RHB Brian Parks 0-0: Ball
1-0: Ball
2-0: SINGLE (Line Drive, 8LS)
Félix Quintero scores
Luis Suárez to third
Tommy Wilson to second
Runner from 3rd tries for Home, SAFE, no throw
Batting: LHB Fernando Cruz 0-0: Ball
1-0: Foul Ball, location: 2F
1-1: SINGLE (Flyball, 9S)
Tommy Wilson to third
Brian Parks to second
Batting: RHB Jeff Stevenson 0-0: Called Strike
0-1: Swinging Strike
0-2: Foul Ball, location: 2F
0-2: Strikes out swinging
Top of the 7th over - 2 run(s), 3 hit(s), 0 error(s), 3 left on base; Balzac 4 - Moose Jaw 1
BOTTOM OF THE 7TH
Moose Jaw Ghostbusters batting - Pitching for Balzac Rams : RHP David Elías
Now at 2B: Enrique Castillo
Now in LF: Daniel Carter
Batting: LHB Dave Stewart 0-0: Swinging Strike
0-1: Ball
1-1: SINGLE (Groundball, 6S) (infield hit)
Pitching: LHP Martin Balsano
Batting: SHB Martín Cruz 0-0: Ball
1-0: Called Strike
1-1: Foul Ball, location: 2F
1-2: Ball
2-2: Ball
3-2: Fly out, F9 (Flyball, 9)
Batting: RHB Joe Baker 0-0: Ball
1-0: Called Strike
1-1: Ball
2-1: Called Strike
2-2: Ball
3-2: Strikes out swinging
Batting: RHB Don Turner 0-0: Called Strike
0-1: Fly out, F9 (Line Drive, 89M)
Bottom of the 7th over - 0 run(s), 1 hit(s), 0 error(s), 1 left on base; Balzac 4 - Moose Jaw 1
TOP OF THE 8TH
Balzac Rams batting - Pitching for Moose Jaw Ghostbusters : RHP Rod Walters
Batting: RHB James Tucker 0-0: Ball
1-0: Ball
2-0: Foul Ball, location: 2F
2-1: Called Strike
2-2: Strikes out swinging
Batting: RHB Félix Quintero 0-0: Ball
1-0: Ball
2-0: Called Strike
2-1: Called Strike
2-2: Strikes out swinging
Batting: RHB Luis Suárez 0-0: Called Strike
0-1: Ball
1-1: Swinging Strike
1-2: Strikes out looking
Top of the 8th over - 0 run(s), 0 hit(s), 0 error(s), 0 left on base; Balzac 4 - Moose Jaw 1
BOTTOM OF THE 8TH
Moose Jaw Ghostbusters batting - Pitching for Balzac Rams : LHP Martin Balsano
Batting: SHB Carlos Córdova 0-0: Called Strike
0-1: Ball
1-1: Ball
2-1: Ball
3-1: Foul Ball, location: 2F
3-2: Foul Ball, location: 2F
3-2: Fly out, F8 (Flyball, 8LM)
Batting: LHB Will Vale 0-0: Called Strike
0-1: Ball
1-1: Ball
2-1: Fly out, F3 (Line Drive, 3L)
Batting: RHB John Major 0-0: Called Strike
0-1: Foul Ball, location: 2F
0-2: Foul Ball, location: 2F
0-2: Foul Ball, location: 2F
0-2: Ball
1-2: Foul Ball, location: 2F
1-2: Strikes out looking
Bottom of the 8th over - 0 run(s), 0 hit(s), 0 error(s), 0 left on base; Balzac 4 - Moose Jaw 1
TOP OF THE 9TH
Balzac Rams batting - Pitching for Moose Jaw Ghostbusters : RHP Rod Walters
Batting: RHB Ricardo Muñóz 0-0: Ball
1-0: Called Strike
1-1: Called Strike
1-2: Ball
2-2: Strikes out swinging
Batting: RHB Enrique Castillo 0-0: Fly out, F8 (Flyball, 89S)
Batting: LHB Daniel Carter 0-0: Swinging Strike
0-1: Ball
1-1: Ball
2-1: Called Strike
2-2: Ball
3-2: Strikes out swinging
Top of the 9th over - 0 run(s), 0 hit(s), 0 error(s), 0 left on base; Balzac 4 - Moose Jaw 1
BOTTOM OF THE 9TH
Moose Jaw Ghostbusters batting - Pitching for Balzac Rams : LHP Martin Balsano
Pitching: LHP Nick Johnson
Batting: RHB Paco Hernández 0-0: Called Strike
0-1: Ball
1-1: Foul Ball, location: 2F
1-2: Ball
2-2: Ball
3-2: Foul Ball, location: 2F
3-2: Strikes out swinging
Batting: RHB Don Hooper 0-0: Ball
1-0: Ball
2-0: Ball
3-0: Called Strike
3-1: Ground out 4-3 (Groundball, 4)
Batting: LHB Dave Stewart 0-0: Ball
1-0: Swinging Strike
1-1: SINGLE (Groundball, 34D)
Batting: SHB Martín Cruz 0-0: Ball
1-0: Ball
2-0: Called Strike
2-1: Foul Ball, location: 2F
2-2: Fly out, F8 (Flyball, 8RD)
Bottom of the 9th over - 0 run(s), 1 hit(s), 0 error(s), 1 left on base; Balzac 4 - Moose Jaw 1
Thursday, March 30th, 2017 - OOTP Baseball 17.12 Build 75